AoeStats
← 神圣罗马帝国 | Holy Roman

Arena

510921586Analyzed
4v4 RM · 8h ago on Oct 3, 2026· 37m 26s· 8 players
Game mode
Random Map
Map size
Large (8 player)
Population
200
Speed
Normal
Resources
Standard
Victory
Conquest
Starting age
Dark Age
Ending age
Imperial Age
RankedLock teamsTeams togetherTeam positionsShared explorationLock speedFull tech treeHidden civsTurbo modeCheats
Victory
Defeat
🇺🇸 Khitans · United States
1337
+14
🇺🇸 Danes · United States
1327
+15
🇺🇸 Cumans · United States
1275
+17
🇺🇸 Gurjaras · United States
1235
+19
🇧🇴 Dravidians · Bolivia
1317
-17
🇧🇴 Italians · Bolivia
1315
-17
1296
-16
🇧🇴 Persians · Bolivia
1269
-15
Matamasistas3000
11:32 Feudal Age
12:38 Double-Bit Axe
15:27 Castle Age
13:39 Loom
19:08 Horse Collar
20:06 Bow Saw
20:51 Wheelbarrow
21:43 Stone Mining
22:51 Town Watch
27:53 Imperial Age
26:12 Hand Cart
25:59 Heavy Plow
XForce-MiCausaArce
6:00 Loom
11:14 Feudal Age
15:15 Castle Age
13:51 Double-Bit Axe
13:52 Horse Collar
21:08 Town Watch
23:40 Wheelbarrow
24:28 Stone Mining
24:30 Gold Mining
25:38 Bloodlines
25:41 Scale Barding Armor
27:53 Forging
29:31 Gold Shaft Mining
29:32 Chain Barding Armor
30:40 Iron Casting
30:45 Husbandry
31:34 Heavy Plow
32:09 Pikeman
33:42 Hand Cart
33:44 Bow Saw
34:14 Scale Mail Armor
34:19 Squires
Zx0mB0Y
10:37 Feudal Age
14:38 Castle Age
13:03 Double-Bit Axe
14:56 Horse Collar
22:17 Wheelbarrow
21:28 Loom
22:13 Heavy Plow
25:19 Fortified Wall
神圣罗马帝国 | Holy Roman
5:41 Loom
9:05 Loom
10:51 Feudal Age
11:32 Double-Bit Axe
15:04 Castle Age
16:47 Bow Saw
20:07 Gold Mining
22:31 Wheelbarrow
24:46 Scale Barding Armor
25:07 Hand Cart
25:21 Forging
25:52 Gold Shaft Mining
25:02 Pikeman
27:09 Chain Barding Armor
27:25 Iron Casting
28:12 Husbandry
28:48 Iron Casting
30:59 Fletching
31:13 Scale Mail Armor
31:38 Loom
34:23 Imperial Age
killnooby
11:04 Feudal Age
14:43 Double-Bit Axe
17:15 Castle Age
15:10 Horse Collar
15:50 Stone Mining
17:55 Wheelbarrow
18:03 Gold Mining
18:44 Bow Saw
23:28 Forging
24:36 Scale Barding Armor
24:53 Bloodlines
26:36 Hand Cart
27:59 Chain Barding Armor
30:38 Iron Casting
30:38 Husbandry
33:49 Gold Shaft Mining
Freestyle98
10:27 Feudal Age
12:02 Double-Bit Axe
12:42 Loom
15:40 Castle Age
14:06 Stone Mining
14:21 Horse Collar
15:20 Gold Mining
18:23 Bow Saw
23:56 Scale Mail Armor
26:33 Scale Barding Armor
26:45 Chain Mail Armor
29:48 Forging
34:20 Iron Casting
35:54 Arson
36:10 Squires
snowball I
9:12 Feudal Age
9:47 Double-Bit Axe
10:53 Horse Collar
16:26 Gold Mining
20:57 Castle Age
19:31 Scale Barding Armor
20:30 Forging
20:41 Loom
21:32 Wheelbarrow
20:43 Town Watch
21:31 Bloodlines
22:12 Bow Saw
22:04 Heavy Plow
22:41 Gold Shaft Mining
22:31 Chain Barding Armor
21:39 Light Cavalry
23:30 Iron Casting
25:32 Hand Cart
33:19 Stone Mining
37:44 Imperial Age
38:06 Town Patrol
FreakinAindreas16
11:40 Feudal Age
12:53 Double-Bit Axe
15:27 Castle Age
13:16 Domestication
16:21 Bow Saw
17:29 Pastoralism
19:47 Scale Mail Armor
21:14 Forging
24:02 Iron Casting
24:32 Chain Mail Armor
25:47 Wheelbarrow
27:44 Arson
28:01 Squires
31:28 Gold Mining
31:29 Stone Mining
33:35 Hand Cart
34:19 Loom
38:54 Imperial Age
Connection lost

Rejoining the realm…

Still unreachable

The connection could not be restored.

Session expired

The server has moved on; the page needs a fresh start.